General information
- name: BNet
- type: Ladder team game (AT/RT)
- host: Battle.net
- saver: joey_bazooks
map: UpperKingdom
- players: 6
- length: 132:54
- speed: Fast
- version: 1.26 W3XP
- replay type: Public
» download(814 KB)
Players
team 1 (loser)
KurMi (
yellow | 65 APM | 8561 actions | 131:35)
6 Mountain King
3 Storm Bolt
2 Bash
1 Avatar
5 Paladin
3 Holy Light
2 Divine Shield
1 Archmage
1 Blizzard
» actions
| Assign group hotkey | 55 | |
| Basic commands | 175 | |
| Build / train | 217 | |
| ESC pressed | 47 | |
| Enter build submenu | 52 | |
| Enter hero's abilities submenu | 14 | |
| Give item / drop item | 12 | |
| Right click | 2657 | |
| Select / deselect | 2548 | |
| Select group hotkey | 2413 | |
| Use ability | 371 | |
8561 total
» units
| Peasant | 35 | |
| Footman | 10 | |
| Sorceress | 1 | |
| Spell Breaker | 2 | |
| Knight | 8 | |
| Dragonhawk Rider | 6 | |
| Siege Engine | 12 | |
| Mortar Team | 18 | |
| Flying Machine | 3 | |
| Troll Witch Doctor | 13 | |
| Peon | 7 | |
| Wind Rider | 13 | |
128 total
» upgrades
| Defend | 1 | |
| Lumber Harvesting | 2 | |
| Swords | 2 | |
| Animal War Training | 1 | |
| Plating | 3 | |
| Cloud | 1 | |
| Gunpowder | 3 | |
| Barrage | 1 | |
| Masonry | 3 | |
| Fragmentation Shards | 1 | |
| Flare | 1 | |
| Armor | 3 | |
| Flak Cannons | 1 | |
| Flying Machine Bombs | 1 | |
| Reinforced Defenses | 1 | |
| Spiked Barricades | 1 | |
| Magic Sentry | 1 | |
27 total
» buildings
| Altar of Kings | 1 | |
| Farm | 21 | |
| Barracks | 2 | |
| Scout Tower | 8 | |
| Arcane Tower | 1 | |
| Lumber Mill | 1 | |
| Arcane Vault | 3 | |
| Keep | 2 | |
| Blacksmith | 1 | |
| Arcane Sanctum | 1 | |
| Castle | 1 | |
| Gryphon Aviary | 1 | |
| Guard Tower | 5 | |
| Town Hall | 4 | |
| Workshop | 2 | |
| Orc Burrow | 1 | |
| War Mill | 1 | |
56 total
» build order
00:11 Altar of Kings
00:18 Farm
01:08 Barracks
01:14 Scout Tower
01:23 Farm
01:58 Arcane Tower
02:08 Lumber Mill
02:53 Arcane Vault
03:30 Arcane Vault
04:03 Farm
04:05 Keep
04:17 Farm
04:48 Farm
05:03 Blacksmith
05:37 Farm
06:42 Arcane Sanctum
06:55 Farm
07:24 Castle
08:33 Barracks
09:13 Farm
10:20 Gryphon Aviary
11:05 Scout Tower
11:47 Scout Tower
11:48 Guard Tower
12:15 Farm
12:55 Guard Tower
12:57 Scout Tower
13:28 Guard Tower
13:31 Scout Tower
15:43 Guard Tower
16:51 Town Hall
17:25 Workshop
17:28 Workshop
18:38 Farm
19:28 Farm
19:50 Farm
20:49 Farm
21:08 Farm
24:34 Town Hall
25:57 Scout Tower
26:01 Scout Tower
26:18 Scout Tower
26:56 Guard Tower
35:14 Keep
37:59 Farm
38:01 Farm
38:03 Farm
38:52 Farm
38:56 Farm
39:34 Farm
47:31 Town Hall
50:50 Town Hall
65:13 Orc Burrow
65:18 War Mill
67:15 Arcane Vault
72:11 Farm
» items
| Potion of Healing | 24 | |
| Scroll of Regeneration | 1 | |
| Orb of Fire | 3 | |
| Staff of Sanctuary | 2 | |
| Lesser Clarity Potion | 1 | |
| Scroll of Town Portal | 5 | |
| Orb of Lightning | 1 | |
| Orb of Corruption | 1 | |
38 total
sTIL0So (
red | 177 APM | 23523 actions | 132:53)
7 Death Knight
3 Death Coil
3 Unholy Aura
1 Animate Dead
7 Lich
3 Frost Nova
3 Frost Armor
1 Death and Decay
2 Blademaster
1 Wind Walk
1 Bladestorm
» actions
| Assign group hotkey | 136 | |
| Basic commands | 142 | |
| Build / train | 178 | |
| ESC pressed | 4 | |
| Enter build submenu | 34 | |
| Enter hero's abilities submenu | 17 | |
| Give item / drop item | 15 | |
| Right click | 8507 | |
| Select / deselect | 4654 | |
| Select group hotkey | 9132 | |
| Use ability | 704 | |
23523 total
» units
| Acolyte | 31 | |
| Ghoul | 4 | |
| Crypt Fiend | 8 | |
| Obsidian Statue | 35 | |
| Meatwagon | 2 | |
| Abomination | 5 | |
| Frost Wyrm | 12 | |
| Gargoyle | 2 | |
99 total
» upgrades
| Web | 1 | |
| Cannibalize | 1 | |
| Disease Cloud | 1 | |
| Freezing Breath | 1 | |
| Burrow | 1 | |
| Destroyer Form | 1 | |
| Creature Carapace | 3 | |
| Creature Attack | 3 | |
| Unholy Armor | 3 | |
| Unholy Strength | 3 | |
18 total
» buildings
| Graveyard | 2 | |
| Crypt | 1 | |
| Altar of Darkness | 1 | |
| Ziggurat | 13 | |
| Tomb of Relics | 1 | |
| Nerubian Tower | 2 | |
| Halls of the Dead | 1 | |
| Slaughterhouse | 1 | |
| Sacrificial Pit | 1 | |
| Black Citadel | 1 | |
| Spirit Tower | 8 | |
| Boneyard | 1 | |
| Necropolis | 4 | |
37 total
» build order
00:11 Graveyard
00:14 Graveyard
00:16 Crypt
00:42 Altar of Darkness
01:02 Ziggurat
01:27 Tomb of Relics
02:01 Ziggurat
02:34 Nerubian Tower
03:52 Halls of the Dead
05:09 Ziggurat
06:18 Slaughterhouse
06:55 Ziggurat
09:07 Sacrificial Pit
09:49 Black Citadel
11:33 Ziggurat
12:26 Spirit Tower
12:35 Boneyard
14:33 Ziggurat
17:40 Ziggurat
17:41 Ziggurat
20:44 Ziggurat
30:51 Ziggurat
33:10 Necropolis
36:32 Necropolis
39:49 Ziggurat
39:50 Ziggurat
39:52 Ziggurat
40:50 Necropolis
43:39 Spirit Tower
43:40 Spirit Tower
43:40 Nerubian Tower
43:41 Spirit Tower
43:42 Spirit Tower
43:47 Spirit Tower
44:18 Spirit Tower
44:18 Spirit Tower
50:44 Necropolis
» items
| Rod of Necromancy | 3 | |
| Dust of Appearance | 4 | |
| Potion of Healing | 1 | |
| Orb of Corruption | 2 | |
| Scroll of Healing | 2 | |
| Scroll of Town Portal | 1 | |
13 total
titanares (
teal | 124 APM | 4800 actions | 38:40)
4 Blademaster
2 Wind Walk
2 Critical Strike
» actions
| Assign group hotkey | 40 | |
| Build / train | 85 | |
| Enter build submenu | 24 | |
| Enter hero's abilities submenu | 4 | |
| Remove unit from queue | 3 | |
| Right click | 2010 | |
| Select / deselect | 328 | |
| Select group hotkey | 2223 | |
| Use ability | 83 | |
4800 total
» units
| Peon | 23 | |
| Wind Rider | 19 | |
| Troll Witch Doctor | 4 | |
| Shaman | 3 | |
| Tauren | 7 | |
| Troll Batrider | 6 | |
62 total
» upgrades
| Armor | 3 | |
| Envenomed Spears | 1 | |
| Witch Doctor Training | 2 | |
| Melee Weapons | 0 | |
| Ranged Weapons | 2 | |
| Shaman Training | 2 | |
| Pulverize | 1 | |
11 total
» buildings
| Altar of Storms | 1 | |
| Orc Burrow | 9 | |
| War Mill | 1 | |
| Stronghold | 1 | |
| Watch Tower | 3 | |
| Beastiary | 2 | |
| Voodoo Lounge | 1 | |
| Fortress | 1 | |
| Spirit Lodge | 1 | |
| Tauren Totem | 1 | |
| Great Hall | 1 | |
22 total
» build order
00:07 Altar of Storms
00:12 Orc Burrow
00:57 War Mill
02:07 Stronghold
02:30 Watch Tower
02:44 Watch Tower
04:00 Watch Tower
04:43 Beastiary
05:08 Beastiary
05:13 Orc Burrow
06:04 Orc Burrow
07:16 Orc Burrow
08:10 Orc Burrow
08:19 Voodoo Lounge
09:44 Fortress
11:06 Spirit Lodge
17:22 Orc Burrow
18:23 Tauren Totem
23:50 Orc Burrow
25:50 Orc Burrow
28:40 Orc Burrow
38:14 Great Hall
» items
| Tiny Great Hall | 1 | |
| Orb of Lightning | 1 | |
2 total
team 2 (winner)
joey_bazooks (
green | 59 APM | 7898 actions | 132:54)
6 Archmage
3 Blizzard
2 Brilliance Aura
1 Mass Teleport
6 Blood Mage
3 Flame Strike
2 Siphon Mana
1 Summon Phoenix
6 Pit Lord
3 Rain of Fire
2 Cleaving Attack
1 Doom
» actions
| Assign group hotkey | 100 | |
| Basic commands | 267 | |
| Build / train | 220 | |
| ESC pressed | 13 | |
| Enter build submenu | 106 | |
| Enter hero's abilities submenu | 20 | |
| Give item / drop item | 13 | |
| Remove unit from queue | 1 | |
| Right click | 3557 | |
| Select / deselect | 1065 | |
| Select group hotkey | 1561 | |
| Use ability | 975 | |
7898 total
» units
| Peasant | 29 | |
| Mortar Team | 1 | |
| Siege Engine | 1 | |
| Sorceress | 1 | |
| Priest | 1 | |
| Dragonhawk Rider | 1 | |
| Gryphon Rider | 1 | |
35 total
» upgrades
| Masonry | 3 | |
| Magic Sentry | 1 | |
| Sorceress Training | 2 | |
| Swords | 3 | |
| Gunpowder | 4 | |
| Plating | 3 | |
| Storm Hammers | 1 | |
| Cloud | 1 | |
| Armor | 3 | |
| Flare | 1 | |
| Fragmentation Shards | 1 | |
| Flak Cannons | 1 | |
| Barrage | 1 | |
| Priest Training | 1 | |
26 total
» buildings
| Altar of Kings | 2 | |
| Farm | 26 | |
| Lumber Mill | 3 | |
| Scout Tower | 262 | |
| Arcane Tower | 8 | |
| Guard Tower | 94 | |
| Keep | 1 | |
| Arcane Sanctum | 2 | |
| Castle | 1 | |
| Arcane Vault | 1 | |
| Town Hall | 1 | |
| Gryphon Aviary | 4 | |
| Blacksmith | 2 | |
| Workshop | 3 | |
410 total
» build order
00:16 Altar of Kings
00:20 Farm
01:00 Lumber Mill
01:05 Scout Tower
01:22 Scout Tower
01:45 Arcane Tower
01:57 Farm
02:04 Arcane Tower
02:05 Scout Tower
02:08 Scout Tower
02:19 Scout Tower
02:34 Guard Tower
02:35 Scout Tower
02:37 Scout Tower
02:38 Guard Tower
02:38 Guard Tower
03:01 Arcane Tower
03:09 Guard Tower
03:10 Scout Tower
03:12 Scout Tower
03:13 Guard Tower
03:32 Scout Tower
03:32 Scout Tower
03:33 Scout Tower
03:33 Scout Tower
03:50 Guard Tower
03:51 Scout Tower
03:52 Scout Tower
03:58 Scout Tower
03:59 Farm
04:02 Guard Tower
04:10 Scout Tower
04:10 Scout Tower
04:11 Scout Tower
04:13 Scout Tower
04:14 Scout Tower
04:14 Scout Tower
04:15 Scout Tower
04:16 Guard Tower
04:27 Guard Tower
04:30 Scout Tower
04:30 Scout Tower
04:33 Guard Tower
04:33 Guard Tower
04:39 Scout Tower
04:40 Scout Tower
04:40 Scout Tower
04:45 Guard Tower
04:49 Guard Tower
04:51 Keep
05:25 Guard Tower
05:34 Guard Tower
05:35 Guard Tower
05:36 Scout Tower
05:37 Scout Tower
06:07 Scout Tower
06:07 Scout Tower
06:08 Scout Tower
06:12 Guard Tower
06:13 Guard Tower
06:27 Scout Tower
06:28 Scout Tower
06:28 Scout Tower
06:37 Guard Tower
06:40 Scout Tower
06:40 Scout Tower
06:42 Scout Tower
06:42 Scout Tower
06:43 Scout Tower
06:44 Scout Tower
06:45 Scout Tower
06:46 Scout Tower
06:47 Scout Tower
06:47 Scout Tower
06:48 Scout Tower
06:58 Guard Tower
07:00 Scout Tower
07:01 Scout Tower
07:14 Guard Tower
07:15 Guard Tower
07:45 Scout Tower
07:45 Scout Tower
07:46 Scout Tower
07:46 Scout Tower
07:47 Scout Tower
07:47 Scout Tower
07:57 Farm
07:58 Farm
08:02 Scout Tower
08:02 Scout Tower
08:03 Scout Tower
08:03 Scout Tower
08:03 Scout Tower
08:04 Scout Tower
08:04 Scout Tower
08:07 Guard Tower
08:07 Guard Tower
08:21 Arcane Sanctum
08:22 Guard Tower
08:48 Guard Tower
09:16 Scout Tower
09:16 Scout Tower
09:17 Scout Tower
09:17 Scout Tower
09:17 Scout Tower
09:18 Scout Tower
09:18 Scout Tower
09:35 Guard Tower
10:01 Guard Tower
10:04 Scout Tower
10:05 Scout Tower
10:06 Scout Tower
10:06 Scout Tower
10:12 Guard Tower
10:14 Scout Tower
10:14 Scout Tower
10:49 Guard Tower
11:01 Castle
11:04 Guard Tower
11:10 Scout Tower
11:11 Scout Tower
11:11 Scout Tower
11:11 Scout Tower
11:12 Scout Tower
11:12 Scout Tower
11:13 Scout Tower
11:13 Scout Tower
11:43 Guard Tower
11:44 Guard Tower
12:10 Arcane Vault
12:13 Guard Tower
12:13 Guard Tower
12:59 Guard Tower
13:00 Guard Tower
13:07 Guard Tower
13:09 Scout Tower
13:09 Scout Tower
13:10 Scout Tower
13:11 Scout Tower
13:11 Scout Tower
13:11 Scout Tower
13:12 Scout Tower
13:36 Scout Tower
13:37 Scout Tower
13:37 Scout Tower
13:37 Scout Tower
13:37 Scout Tower
13:38 Scout Tower
13:44 Guard Tower
14:14 Scout Tower
14:14 Scout Tower
14:15 Scout Tower
14:15 Scout Tower
14:16 Scout Tower
14:16 Scout Tower
14:20 Scout Tower
14:21 Scout Tower
14:21 Scout Tower
14:22 Scout Tower
14:22 Scout Tower
14:23 Scout Tower
14:31 Scout Tower
14:32 Scout Tower
14:39 Guard Tower
14:39 Guard Tower
14:51 Scout Tower
14:51 Scout Tower
14:51 Scout Tower
14:52 Scout Tower
14:52 Scout Tower
14:52 Scout Tower
15:24 Guard Tower
16:09 Town Hall
16:14 Guard Tower
16:14 Guard Tower
16:14 Guard Tower
16:46 Scout Tower
16:46 Scout Tower
16:47 Scout Tower
16:47 Scout Tower
16:48 Scout Tower
16:49 Scout Tower
16:49 Scout Tower
16:49 Scout Tower
17:13 Gryphon Aviary
17:15 Gryphon Aviary
17:20 Guard Tower
17:21 Guard Tower
17:42 Guard Tower
17:43 Guard Tower
18:12 Blacksmith
18:12 Blacksmith
18:19 Guard Tower
18:27 Scout Tower
18:27 Scout Tower
18:28 Scout Tower
18:28 Scout Tower
18:28 Scout Tower
18:30 Scout Tower
18:30 Scout Tower
18:30 Scout Tower
18:30 Scout Tower
18:43 Guard Tower
18:44 Guard Tower
18:46 Guard Tower
19:08 Guard Tower
19:12 Scout Tower
19:13 Scout Tower
19:13 Scout Tower
19:26 Guard Tower
19:26 Guard Tower
19:32 Scout Tower
19:32 Scout Tower
19:33 Scout Tower
19:33 Scout Tower
19:33 Scout Tower
19:34 Scout Tower
19:35 Scout Tower
19:37 Scout Tower
19:38 Scout Tower
19:43 Scout Tower
19:43 Scout Tower
20:24 Guard Tower
20:48 Scout Tower
20:48 Scout Tower
20:49 Scout Tower
20:49 Scout Tower
20:50 Scout Tower
20:50 Scout Tower
20:50 Scout Tower
20:50 Scout Tower
20:55 Farm
20:55 Farm
20:56 Farm
20:56 Farm
21:32 Guard Tower
21:45 Scout Tower
21:46 Scout Tower
21:46 Scout Tower
21:51 Guard Tower
21:52 Scout Tower
21:52 Scout Tower
21:53 Scout Tower
21:53 Scout Tower
21:53 Scout Tower
21:54 Scout Tower
22:14 Scout Tower
22:15 Scout Tower
22:15 Scout Tower
22:16 Scout Tower
22:17 Scout Tower
22:17 Scout Tower
22:18 Scout Tower
22:18 Scout Tower
22:19 Scout Tower
22:19 Scout Tower
22:20 Scout Tower
22:20 Scout Tower
22:21 Scout Tower
22:21 Scout Tower
22:22 Scout Tower
22:23 Scout Tower
22:23 Scout Tower
22:24 Scout Tower
22:24 Scout Tower
22:33 Guard Tower
22:56 Guard Tower
22:57 Guard Tower
23:01 Guard Tower
23:01 Guard Tower
23:03 Scout Tower
23:03 Scout Tower
23:03 Scout Tower
23:04 Scout Tower
23:04 Scout Tower
23:04 Scout Tower
23:16 Guard Tower
23:17 Guard Tower
23:21 Guard Tower
23:48 Guard Tower
23:50 Guard Tower
23:56 Guard Tower
23:56 Guard Tower
24:19 Workshop
24:21 Workshop
24:23 Farm
24:37 Guard Tower
25:10 Guard Tower
25:12 Guard Tower
25:34 Scout Tower
25:35 Scout Tower
25:35 Scout Tower
25:36 Scout Tower
25:37 Scout Tower
25:39 Scout Tower
25:39 Scout Tower
25:39 Scout Tower
27:03 Guard Tower
27:05 Gryphon Aviary
27:07 Gryphon Aviary
27:09 Workshop
27:11 Arcane Sanctum
27:13 Farm
28:45 Scout Tower
28:46 Scout Tower
28:46 Scout Tower
28:46 Scout Tower
28:47 Scout Tower
28:47 Scout Tower
28:48 Scout Tower
28:48 Scout Tower
28:48 Scout Tower
29:29 Guard Tower
29:38 Guard Tower
29:54 Guard Tower
30:18 Guard Tower
32:55 Lumber Mill
35:13 Scout Tower
35:14 Scout Tower
35:19 Scout Tower
35:20 Scout Tower
35:20 Scout Tower
35:21 Scout Tower
35:57 Guard Tower
37:04 Altar of Kings
37:13 Scout Tower
37:14 Scout Tower
37:15 Scout Tower
37:16 Scout Tower
37:17 Scout Tower
37:18 Scout Tower
37:19 Scout Tower
37:19 Scout Tower
37:20 Scout Tower
38:08 Guard Tower
38:14 Guard Tower
38:15 Guard Tower
39:15 Scout Tower
39:16 Scout Tower
39:17 Scout Tower
39:17 Scout Tower
39:19 Scout Tower
39:20 Scout Tower
39:22 Scout Tower
41:06 Guard Tower
41:10 Scout Tower
41:11 Scout Tower
41:12 Scout Tower
41:12 Scout Tower
41:13 Scout Tower
41:16 Scout Tower
41:16 Scout Tower
42:40 Guard Tower
42:48 Farm
42:53 Lumber Mill
43:38 Scout Tower
43:38 Scout Tower
43:39 Scout Tower
43:40 Scout Tower
43:41 Scout Tower
43:42 Scout Tower
43:43 Scout Tower
45:21 Guard Tower
45:23 Scout Tower
45:24 Scout Tower
47:45 Guard Tower
52:37 Farm
52:37 Farm
52:38 Farm
52:39 Farm
57:08 Scout Tower
57:09 Scout Tower
57:11 Scout Tower
57:13 Scout Tower
57:16 Scout Tower
57:17 Scout Tower
57:19 Scout Tower
57:32 Scout Tower
57:33 Scout Tower
57:34 Scout Tower
57:46 Arcane Tower
57:49 Arcane Tower
57:51 Arcane Tower
57:59 Arcane Tower
58:47 Arcane Tower
63:17 Farm
63:22 Farm
63:23 Farm
63:25 Farm
64:24 Farm
64:26 Farm
64:27 Farm
65:14 Farm
» items
| Lesser Clarity Potion | 6 | |
| Healing Salve | 3 | |
| Scroll of Speed | 1 | |
| Orb of Lightning | 4 | |
| Staff of Sanctuary | 2 | |
| Scroll of Town Portal | 7 | |
| Tiny Great Hall | 1 | |
| Orb of Venom | 1 | |
| Staff of Preservation | 1 | |
26 total
opendoorpolicy (
orange | 44 APM | 5902 actions | 132:53)
6 Blademaster
3 Wind Walk
2 Critical Strike
1 Bladestorm
4 Dark Ranger
2 Silence
2 Life Drain
3 Pandaren Brewmaster
2 Breath of Fire
1 Drunken Brawler
» actions
| Assign group hotkey | 98 | |
| Basic commands | 335 | |
| Build / train | 118 | |
| Enter build submenu | 63 | |
| Enter hero's abilities submenu | 15 | |
| Give item / drop item | 16 | |
| Right click | 2453 | |
| Select / deselect | 1305 | |
| Select group hotkey | 817 | |
| Use ability | 681 | |
5902 total
» units
| Peon | 18 | |
| Troll Batrider | 25 | |
| Wind Rider | 5 | |
| Raider | 1 | |
49 total
» upgrades
| Reinforced Defenses | 1 | |
| Liquid Fire | 1 | |
| Armor | 3 | |
| Ranged Weapons | 3 | |
| Envenomed Spears | 1 | |
| Ensnare | 1 | |
10 total
» buildings
| Altar of Storms | 1 | |
| Orc Burrow | 10 | |
| War Mill | 2 | |
| Voodoo Lounge | 3 | |
| Watch Tower | 46 | |
| Stronghold | 2 | |
| Great Hall | 1 | |
| Beastiary | 4 | |
| Fortress | 3 | |
72 total
» build order
00:04 Altar of Storms
00:12 Orc Burrow
00:28 War Mill
00:31 War Mill
00:59 Voodoo Lounge
01:41 Orc Burrow
01:58 Watch Tower
02:02 Watch Tower
02:30 Watch Tower
03:12 Watch Tower
03:14 Watch Tower
03:43 Watch Tower
04:40 Watch Tower
04:43 Watch Tower
04:44 Watch Tower
05:39 Stronghold
05:42 Watch Tower
05:43 Watch Tower
06:02 Watch Tower
06:06 Watch Tower
06:34 Watch Tower
07:05 Watch Tower
07:13 Great Hall
07:38 Orc Burrow
07:38 Orc Burrow
08:05 Beastiary
08:06 Beastiary
08:11 Beastiary
08:14 Beastiary
08:55 Fortress
08:56 Fortress
09:30 Watch Tower
09:38 Watch Tower
09:39 Watch Tower
10:23 Watch Tower
10:27 Watch Tower
13:34 Watch Tower
13:45 Voodoo Lounge
14:06 Watch Tower
14:07 Watch Tower
14:41 Voodoo Lounge
15:21 Watch Tower
15:21 Watch Tower
15:23 Watch Tower
15:23 Watch Tower
16:53 Watch Tower
16:54 Watch Tower
16:56 Watch Tower
16:57 Watch Tower
17:01 Watch Tower
18:26 Orc Burrow
18:32 Watch Tower
19:40 Watch Tower
23:59 Orc Burrow
23:59 Orc Burrow
24:00 Orc Burrow
24:03 Orc Burrow
24:08 Orc Burrow
29:01 Watch Tower
29:02 Watch Tower
29:04 Watch Tower
29:06 Watch Tower
29:07 Watch Tower
29:10 Watch Tower
29:12 Watch Tower
29:13 Watch Tower
29:16 Watch Tower
29:17 Watch Tower
29:20 Watch Tower
» items
| Healing Salve | 3 | |
| Lesser Clarity Potion | 8 | |
| Scroll of Speed | 6 | |
| Orb of Lightning | 3 | |
| Scroll of Town Portal | 3 | |
| Potion of Healing | 2 | |
| Tiny Great Hall | 1 | |
26 total
thaBIGman (
blue | 35 APM | 4640 actions | 132:53)
8 Warden
3 Shadow Strike
3 Blink
1 Spirit of Vengeance
1 Fan of Knives
1 Dark Ranger
1 Silence
» actions
| Assign group hotkey | 24 | |
| Basic commands | 71 | |
| Build / train | 97 | |
| Enter build submenu | 31 | |
| Enter hero's abilities submenu | 12 | |
| Give item / drop item | 1 | |
| Remove unit from queue | 3 | |
| Right click | 2688 | |
| Select / deselect | 476 | |
| Select group hotkey | 910 | |
| Use ability | 327 | |
4640 total
» units
| Wisp | 53 | |
| Druid of the Talon | 7 | |
60 total
» upgrades
| Well Spring | 1 | |
| Ultravision | 1 | |
| Nature's Blessing | 1 | |
| Druid of the Talon Training | 2 | |
| Strength of the Wild | 2 | |
| Reinforced Hides | 1 | |
| Mark of the Talon | 1 | |
9 total
» buildings
| Altar of Elders | 2 | |
| Moon Well | 16 | |
| Tree of Life | 5 | |
| Tree of Ages | 4 | |
| Tree of Eternity | 1 | |
| Hunter's Hall | 1 | |
| Ancient Protector | 1 | |
| Ancient of Wind | 3 | |
| Ancient of Wonders | 1 | |
34 total
» build order
00:12 Altar of Elders
00:13 Moon Well
01:58 Moon Well
03:46 Moon Well
06:48 Tree of Life
08:38 Tree of Life
09:49 Tree of Ages
09:49 Tree of Ages
10:47 Tree of Life
14:07 Tree of Eternity
14:56 Moon Well
14:56 Moon Well
15:21 Moon Well
15:21 Moon Well
15:22 Moon Well
15:44 Moon Well
17:18 Hunter's Hall
17:24 Moon Well
20:21 Ancient Protector
22:21 Tree of Life
27:44 Ancient of Wind
40:17 Ancient of Wind
40:18 Ancient of Wind
45:00 Ancient of Wonders
49:35 Moon Well
49:36 Moon Well
49:38 Moon Well
56:46 Altar of Elders
57:01 Moon Well
57:34 Moon Well
107:07 Tree of Life
» items
| Orb of Lightning | 2 | |
| Tiny Great Hall | 2 | |
| Scroll of Town Portal | 3 | |
| Scroll of Speed | 2 | |
| Potion of Healing | 1 | |
| Healing Salve | 1 | |
11 total
Chat log
(00:06 / Allies) joey_bazooks: michael u garg fee tommy
(00:09 / Allies) joey_bazooks: he does 2 gaps i do 2
(00:30 / Allies) joey_bazooks: i predict a loss but w/e
(00:56 / Allies) joey_bazooks: get warden bm
(01:24 / Allies) joey_bazooks: get ur 2nd well here
(01:42 / Allies) joey_bazooks: michael feed me wood now insted of tommy
(01:49 / Allies) joey_bazooks: all send heros to their middle guy to harsas
(02:17 / Allies) joey_bazooks: i fucked my ehro up
(02:53 / Allies) joey_bazooks: cancel towers
(03:18 / Allies) joey_bazooks: focus burrow
(03:21 / Allies) joey_bazooks: dont die if u can help it
(04:04 / Allies) joey_bazooks: lure expos all now
(04:06 / Allies) joey_bazooks: split up
(04:07 / Allies) joey_bazooks: do diff ones
(04:35 / Allies) joey_bazooks: res
(04:36 / Allies) joey_bazooks: res
(04:52 / Allies) joey_bazooks: tech ur mains all
(05:08 / Allies) joey_bazooks: michael
(05:10 / Allies) joey_bazooks: get 30 food
(05:11 / Allies) joey_bazooks: very game we play
(05:13 / Allies) joey_bazooks: get 30 food wisps
(05:17 / Allies) joey_bazooks: because we never have neough wood
(06:16 / Allies) joey_bazooks: michael youre not paying me wood to make 4 towers
(06:19 / Allies) joey_bazooks: that would be 200 wood
(06:22 / Allies) joey_bazooks: youre paying me wood to make 40 towers
(06:31 / Allies) joey_bazooks: xpo that
(07:08 / Allies) joey_bazooks: he already pumping wyvs
(07:09 / Allies) joey_bazooks: get bats asap
(07:10 / Allies) thaBIGman: he has air
(07:31 / Allies) joey_bazooks: canel
(08:16 / Allies) joey_bazooks: make a tree of life here
(08:17 / Allies) joey_bazooks: so uc an eat thru
(08:47 / Allies) opendoorpolicy: y u run out like that
(08:53 / Allies) joey_bazooks: i goet a wvy kill
(09:05 / Allies) joey_bazooks: bm steal item
(09:09 / Allies) joey_bazooks: michael FEED
(10:17 / Allies) joey_bazooks: xpo this
(10:42 / Allies) joey_bazooks: abt exist?
(11:14 / Allies) thaBIGman: should i be welling?
(11:19 / Allies) joey_bazooks: get t3 orc
(11:20 / Allies) joey_bazooks: no
(11:21 / Allies) joey_bazooks: feed
(11:25 / Allies) joey_bazooks: and use ur ehro
(11:27 / Allies) opendoorpolicy: BROKE
(11:29 / Allies) joey_bazooks: i havent seen wrden yet
(11:30 / Allies) joey_bazooks: this game
(12:15 / Allies) joey_bazooks: michael
(12:19 / Allies) joey_bazooks: turn on mh
(12:37 / Allies) joey_bazooks: warden that, not a god base ud
(12:52 / Allies) thaBIGman: warden whaT?
(12:54 / Allies) joey_bazooks: lets creep this
(12:54 / Allies) joey_bazooks: fast
(13:02 / Allies) joey_bazooks: wareden somethign a warden can kill
(13:13 / Allies) thaBIGman: idk what that is
(13:16 / Allies) joey_bazooks: bring bm
(13:20 / Allies) thaBIGman: i have trouble with 1 peon
(13:27 / Allies) opendoorpolicy: bruing what
(13:35 / Allies) opendoorpolicy: tower
(13:54 / Allies) joey_bazooks: quick hall this
(13:57 / Allies) opendoorpolicy: gold
(14:44 / Allies) joey_bazooks: bat
(15:09 / Allies) opendoorpolicy: wells at tower chokes
(15:56 / Allies) joey_bazooks: gold me 500 wood 4500
(16:16 / Allies) joey_bazooks: we are losing here
(16:17 / Allies) joey_bazooks: where a re the bats
(17:31 / Allies) joey_bazooks: quick hall that
(17:32 / Allies) joey_bazooks: michael
(17:34 / Allies) joey_bazooks: not tommy
(17:37 / Allies) joey_bazooks: tommy needs food for bats
(17:55 / Allies) joey_bazooks: michael you check our gold and feed us when were poor
(17:57 / Allies) joey_bazooks: dotnw ait for beg
(19:47 / Allies) joey_bazooks: michael
(19:49 / Allies) joey_bazooks: check our resoureces
(19:50 / Allies) joey_bazooks: and feed us
(19:54 / Allies) joey_bazooks: when we are p[oorer than u
(20:03 / Allies) opendoorpolicy: put a ne tower there
(20:08 / Allies) opendoorpolicy: sop the dragons come over thet res
(20:12 / Allies) opendoorpolicy: waste of bat
(21:01 / Allies) joey_bazooks: mihcael feeed
(21:02 / Allies) joey_bazooks: wioiod
(21:16 / Allies) joey_bazooks: bm i have
(21:18 / Allies) joey_bazooks: claws 9 and crown for u
(21:20 / Allies) joey_bazooks: when ur near my am
(21:33 / Allies) joey_bazooks: here they come with tanks
(21:36 / Allies) thaBIGman: what happened to our bm
(22:04 / Allies) joey_bazooks: make a main near here michael
(22:06 / Allies) joey_bazooks: and eat thru
(22:35 / Allies) joey_bazooks: WOOD
(22:37 / Allies) joey_bazooks: WOOD FOREVER
(22:37 / Allies) joey_bazooks: WOOD
(22:43 / Allies) joey_bazooks: make 5 more wood wisps
(22:44 / Allies) thaBIGman: tommy why did you want me to make that tower
(22:45 / Allies) joey_bazooks: and WOOD me
(23:26 / Allies) joey_bazooks: wood forever
(23:33 / Allies) joey_bazooks: goal of 6000 wood
(23:40 / Allies) opendoorpolicy: up those
(23:51 / Allies) joey_bazooks: with what wood
(23:58 / Allies) joey_bazooks: i need 6000 wood
(23:59 / Allies) joey_bazooks: no less
(24:08 / Allies) joey_bazooks: that enouh for 300 towers
(24:10 / Allies) joey_bazooks: which is what we wneed
(24:51 / Allies) opendoorpolicy: danger warden
(24:59 / Allies) joey_bazooks: once again
(25:00 / Allies) joey_bazooks: wood
(26:18 / Allies) joey_bazooks: i smell giveup
(26:33 / Allies) joey_bazooks: wood
(26:35 / Allies) joey_bazooks: wood 4ever
(27:21 / Allies) joey_bazooks: ok michael get 3/3 and make some ancient of wind and chim roost
(27:26 / Allies) joey_bazooks: in chase we actually ge tto perch
(27:29 / Allies) joey_bazooks: actually skip the chims
(27:37 / Allies) joey_bazooks: i think they are gonna hit&quit now tho
(27:54 / Allies) joey_bazooks: BATS
(29:43 / Allies) joey_bazooks: feed me seymour
(29:49 / Allies) joey_bazooks: we are ready to start perching
(30:02 / Allies) joey_bazooks: get the quick hall on there asap michael
(30:06 / Allies) joey_bazooks: and then eat it to the bottom right
(30:17 / Allies) thaBIGman: where?
(30:28 / Allies) joey_bazooks: the opnly place where we can perch
(30:39 / Allies) opendoorpolicy: cant we perch top left
(30:42 / Allies) joey_bazooks: we need to give them some morale
(30:45 / Allies) joey_bazooks: lets not have any smartassing
(30:47 / Allies) joey_bazooks: bottom right
(30:55 / Allies) joey_bazooks: wow
(30:58 / Allies) joey_bazooks: they enver exopiod
(30:59 / Allies) joey_bazooks: ...
(31:05 / Allies) joey_bazooks: is this over?
(31:07 / Allies) joey_bazooks: i dont think its perchable
(31:14 / Allies) opendoorpolicy: idk they might not leave
(31:19 / Allies) opendoorpolicy: we can jsut twiddle our thumbs for a bit
(31:27 / Allies) opendoorpolicy: if it helps any im not rich
(31:47 / Allies) thaBIGman: im pretty rich
(32:18 / Allies) joey_bazooks: michael split ur gold between me and tommy
(32:52 / Allies) thaBIGman: should i go harass?
(33:01 / Allies) joey_bazooks: do those creep spots maybe
(33:39 / All) sTIL0So: vayan a jugar TD paos ctm
(33:41 / Allies) opendoorpolicy: they can get int hat gap
(33:42 / Allies) opendoorpolicy: watch out
(33:59 / Allies) opendoorpolicy: b
(34:05 / Allies) joey_bazooks: everyone help manage this
(34:23 / Allies) joey_bazooks: lets not defend towers anymore
(34:37 / Allies) joey_bazooks: oh u already got
(34:38 / Allies) joey_bazooks: lol
(34:44 / Allies) joey_bazooks: sell taalisman of hte wild
(34:47 / Allies) joey_bazooks: and take my crown ofkings
(35:20 / Allies) opendoorpolicy: you dont need all 3 to atatck one tree
(36:32 / Allies) thaBIGman: the orc is at 10 food
(36:38 / Allies) joey_bazooks: lose your bm
(36:41 / Allies) joey_bazooks: it must be done
(36:45 / Allies) joey_bazooks: they need a mraale boost
(36:47 / Allies) opendoorpolicy: i dont want to
(36:55 / Allies) joey_bazooks: im gona lose my whole trihero
(37:06 / Allies) opendoorpolicy: theres 15k in that mine
(37:42 / Allies) opendoorpolicy: tegre i lost my bm
(37:54 / Allies) opendoorpolicy: should i get a second hero
(37:56 / Allies) opendoorpolicy: just to soak xp
(37:59 / Allies) opendoorpolicy: im already level six
(38:02 / Allies) joey_bazooks: up2ui
(38:37 / Allies) opendoorpolicy: im getting a panda
(38:40 / Allies) joey_bazooks: w/e
(38:43 / Allies) joey_bazooks: dont defend towers
(38:48 / Allies) opendoorpolicy: im getting one
(38:49 / Allies) joey_bazooks: let htem suck on their sadness
(38:53 / Allies) opendoorpolicy: micahel u get one too
(39:18 / Allies) opendoorpolicy: should i get a third hero?
(39:22 / Allies) opendoorpolicy: nothings more powerful than a orb hero
(39:42 / Allies) joey_bazooks: michael when the tiem to make units comes
(39:44 / Allies) opendoorpolicy: im gonna do it
(39:46 / Allies) joey_bazooks: you cant make them all from one ancient of wind
(39:55 / Allies) thaBIGman: what am i supposed to make
(39:56 / Allies) joey_bazooks: furthermore if yorue gonna go 54 food
(39:59 / Allies) joey_bazooks: you might as well make 80
(40:02 / Allies) joey_bazooks: anti air
(40:04 / Allies) joey_bazooks: dotts is best
(40:05 / Allies) opendoorpolicy: should we deny our toers?
(40:08 / Allies) joey_bazooks: since they dont have to take up ground
(40:13 / Allies) joey_bazooks: deny the back ones
(40:22 / Allies) joey_bazooks: more to speed thigns up
(40:24 / Allies) joey_bazooks: than to actually deny xp
(40:32 / Allies) joey_bazooks: michael gold me 6000
(40:34 / Allies) joey_bazooks: and ill go 100 food
(41:08 / Allies) opendoorpolicy: should i bring up peons
(41:14 / Allies) joey_bazooks: a few
(41:17 / Allies) opendoorpolicy: should i go 100 food bats
(41:37 / Allies) joey_bazooks: get wyvs too
(41:38 / Allies) joey_bazooks: nto jsut bats
(41:39 / Allies) opendoorpolicy: 100 food bats?
(41:48 / Allies) opendoorpolicy: i borkoe food
(41:50 / Allies) opendoorpolicy: dont feed me again
(41:52 / Allies) joey_bazooks: same
(42:05 / Allies) opendoorpolicy: care
(42:12 / Allies) joey_bazooks: hes in my town
(42:15 / Allies) joey_bazooks: w/e
(42:16 / Allies) joey_bazooks: im teh tower guy anyway
(42:31 / Allies) joey_bazooks: ]ge tto the perch
(42:31 / Allies) joey_bazooks: now
(43:05 / Allies) opendoorpolicy: all i have to tp up is herox and peons right
(43:10 / Allies) opendoorpolicy: should i make a shope on the perch?
(43:30 / Allies) opendoorpolicy: wats all taht
(43:45 / Allies) opendoorpolicy: echo 419
(43:47 / Allies) opendoorpolicy: respond
(43:56 / Allies) joey_bazooks: whats what
(43:59 / Allies) opendoorpolicy: hes gone
(44:06 / Allies) opendoorpolicy: should i bring anything up but peons
(44:09 / Allies) opendoorpolicy: should i get like one raider
(44:10 / Allies) opendoorpolicy: to net
(44:11 / Allies) opendoorpolicy: or something
(44:12 / Allies) joey_bazooks: up2 u
(44:13 / Allies) joey_bazooks: i would
(44:15 / Allies) joey_bazooks: we have jack shit
(44:17 / Allies) joey_bazooks: my base got woned
(44:46 / Allies) joey_bazooks: michael make a shop up here
(44:46 / Allies) joey_bazooks: fast
(44:51 / Allies) opendoorpolicy: wish it would hurry up
(45:03 / Allies) thaBIGman: y?
(45:08 / Allies) joey_bazooks: gotta buy 2 tps
(45:10 / Allies) joey_bazooks: for my fag
(45:17 / Allies) joey_bazooks: tommys main whent down right hwen i was pungin
(46:29 / Allies) opendoorpolicy: these peons are crudding the perch up
(46:34 / Allies) joey_bazooks: michael tp some wisps up
(46:35 / Allies) thaBIGman: should i tp all these wisps?
(46:41 / Allies) joey_bazooks: y4ea
(46:49 / Allies) joey_bazooks: ok deny towers full power now
(47:38 / Allies) joey_bazooks: they are gonna tkae one look at this and leave lol
(48:03 / Allies) joey_bazooks: we shoudl have left a tree or three
(48:05 / Allies) joey_bazooks: for wisps
(48:18 / Allies) thaBIGman: w/e i got a lot of wood
(49:03 / Allies) joey_bazooks: i have michaels warden my hp items
(49:08 / Allies) joey_bazooks: since its the onyl thing that can leav the iland
(49:15 / Allies) joey_bazooks: michael make liek 3 wells where my am is about to stand
(49:21 / Allies) joey_bazooks: dotn choke off the thin part tho
(49:44 / Allies) opendoorpolicy: meat warden
(49:46 / Allies) joey_bazooks: they are mining at 99 food
(49:47 / Allies) joey_bazooks: lmao
(49:48 / Allies) opendoorpolicy: keep it alive
(50:13 / Allies) opendoorpolicy: micahel haide those wisps on the land
(50:16 / Allies) opendoorpolicy: like in the back neaer the tavern
(50:20 / Allies) opendoorpolicy: and also far away at aother places
(50:22 / Allies) opendoorpolicy: not near the perch
(50:26 / Allies) opendoorpolicy: since they will be all over that
(50:38 / Allies) opendoorpolicy: put one back by their tavern
(50:41 / Allies) joey_bazooks: we are rich and fairly well stocked
(50:44 / Allies) joey_bazooks: and they dont have much godl left
(50:49 / Allies) joey_bazooks: this would be an ideal perch if not for the morale issue
(50:54 / Allies) joey_bazooks: be ready
(50:56 / Allies) joey_bazooks: to intercept
(50:59 / Allies) joey_bazooks: get ur bm up here
(51:27 / Allies) opendoorpolicy: do i bat
(51:30 / Allies) opendoorpolicy: when to use bats
(51:33 / Allies) joey_bazooks: nah
(51:37 / Allies) joey_bazooks: when we are doing bad
(51:50 / Allies) joey_bazooks: lol!
(51:54 / Allies) joey_bazooks: its already worth it
(51:55 / Allies) joey_bazooks: even if they leave now
(52:17 / Allies) opendoorpolicy: careful theres only one
(52:50 / Allies) joey_bazooks: warden
(52:52 / Allies) joey_bazooks: do u dare blink out there
(52:54 / Allies) joey_bazooks: and harass?
(52:59 / Allies) opendoorpolicy: no way they have bolt
(53:05 / Allies) opendoorpolicy: maybe out hte top
(53:06 / Allies) thaBIGman: 10 second cooldown
(53:20 / Allies) joey_bazooks: theyull let u do ti
(53:21 / Allies) joey_bazooks: the first time
(53:28 / Allies) opendoorpolicy: 2 easy
(53:31 / Allies) opendoorpolicy: b
(53:42 / Allies) opendoorpolicy: u should get 3 blink first
(53:45 / Allies) joey_bazooks: bm go up there
(53:46 / Allies) opendoorpolicy: dont bother geting ur ult at six
(53:49 / Allies) joey_bazooks: take ur shitty level 1 dr with u
(55:11 / Allies) joey_bazooks: eh got ult on lich
(55:18 / Allies) joey_bazooks: be ready to silence
(55:20 / Allies) opendoorpolicy: can i silecne tat
(55:33 / Allies) joey_bazooks: ya
(55:39 / Allies) opendoorpolicy: shadew can see uphill
(56:15 / Allies) joey_bazooks: warden make an altar touching mine
(56:17 / Allies) joey_bazooks: and one more well
(56:21 / Allies) joey_bazooks: and u can go fuk aroudn on the mainland
(56:49 / Allies) joey_bazooks: ya
(56:54 / Allies) opendoorpolicy: do we have a reveal tower
(57:03 / Allies) joey_bazooks: ill make a few
(57:36 / Allies) opendoorpolicy: where im standing is barely out of hteir nuke range
(57:38 / Allies) opendoorpolicy: with my bnm
(58:16 / Allies) joey_bazooks: oh we have no healer
(58:17 / Allies) joey_bazooks: gay
(58:24 / Allies) joey_bazooks: warden go start harassing
(58:38 / Allies) opendoorpolicy: they already see you anyway
(60:19 / Allies) joey_bazooks: tommy kill wards with bm
(60:32 / Allies) joey_bazooks: use reveal tower if u have to
(61:59 / Allies) joey_bazooks: great my bm is stuck
(62:20 / Allies) joey_bazooks: bm we need u
(63:05 / Allies) joey_bazooks: ???
(63:13 / Allies) opendoorpolicy: oop!
(64:26 / Allies) opendoorpolicy: i can net that gyro
(64:45 / Allies) joey_bazooks: heal
(64:45 / Allies) joey_bazooks: heal
(64:46 / Allies) opendoorpolicy: maybe not
(64:47 / Allies) joey_bazooks: use pirest
(64:50 / Allies) joey_bazooks: we lost our one bm
(64:52 / Allies) opendoorpolicy: i lost it
(64:54 / Allies) joey_bazooks: cant lsoe our one raider
(64:57 / Allies) opendoorpolicy: the priest that is
(65:39 / Allies) joey_bazooks: quit hosing ur mana
(65:43 / Allies) joey_bazooks: go harsas mainland
(65:44 / Allies) joey_bazooks: with warden
(65:57 / Allies) opendoorpolicy: wish we had perched top left
(66:02 / Allies) joey_bazooks: lol
(66:06 / Allies) joey_bazooks: at lweat we can leave this one easily
(66:37 / Allies) joey_bazooks: tommy
(66:39 / Allies) joey_bazooks: manage ur raider
(68:41 / Allies) joey_bazooks: we haevf way mroe orc orbs than were using
(68:49 / Allies) opendoorpolicy: its cramped
(69:00 / Allies) opendoorpolicy: and as you can see from my dead bm i have troubel managing my fiddley untis
(69:26 / Allies) joey_bazooks: manage ur raider
(70:21 / Allies) opendoorpolicy: good job
(70:25 / Allies) joey_bazooks: i didn tdo that
(70:28 / Allies) opendoorpolicy: at least i wont be bothered with it again
(70:31 / Allies) opendoorpolicy: i had it on hold position
(70:41 / Allies) joey_bazooks: wat food r u at
(70:45 / Allies) opendoorpolicy: 92
(71:16 / Allies) opendoorpolicy: why priest
(71:23 / Allies) opendoorpolicy: sick of having a priest?
(71:23 / Allies) thaBIGman: im going to kill the shade in behind
(72:40 / Allies) opendoorpolicy: derelict priest
(72:59 / Allies) joey_bazooks: lol
(73:13 / All) joey_bazooks: i guess beaners really are the laziest minority
(73:17 / All) joey_bazooks: you guys arent even mining
(73:20 / All) sTIL0So: :o
(73:29 / Allies) opendoorpolicy: they have enough gold anyway
(73:35 / Allies) joey_bazooks: hes tryign to coil me
(73:36 / Allies) joey_bazooks: from that distance
(73:37 / Allies) joey_bazooks: lol
(73:40 / Allies) thaBIGman: 70 xp from lvl 6
(73:51 / Allies) joey_bazooks: i wish i had a bolter
(73:53 / Allies) joey_bazooks: instead of a third aoe
(73:56 / Allies) joey_bazooks: level 2 bolt would rule
(74:08 / Allies) opendoorpolicy: i wish i had gotten some human staffs
(74:11 / Allies) joey_bazooks: is michael using warden?
(74:53 / Allies) thaBIGman: i can make more wells if you want
(74:57 / Allies) opendoorpolicy: there are some wood peons at the human base
(74:59 / Allies) joey_bazooks: its crowded enough
(75:59 / All) joey_bazooks: better mine some more gold at 99 food
(76:01 / All) joey_bazooks: and replace it
(77:30 / Allies) opendoorpolicy: u could human staff that tank
(78:20 / Allies) joey_bazooks: that thing has to be open for silences
(78:46 / Allies) joey_bazooks: LOl
(79:02 / Allies) joey_bazooks: LOL
(79:04 / Allies) joey_bazooks: now theyre staffing
(79:05 / Allies) joey_bazooks: nice
(79:43 / Allies) joey_bazooks: STart kililng their expos with warden
(79:47 / Allies) joey_bazooks: the ones that skill have kild in them
(79:51 / Allies) joey_bazooks: still gold
(80:36 / Allies) opendoorpolicy: i wish you could feed health with the health drain power
(80:45 / Allies) joey_bazooks: idont see why they ddint let u
(80:49 / Allies) joey_bazooks: iots not liek it even transfers any health
(80:57 / Allies) joey_bazooks: a peons attack of health transferred
(81:17 / Allies) joey_bazooks: be ready with wyvs
(81:23 / Allies) joey_bazooks: ill try to snag
(81:47 / Allies) thaBIGman: my dotts have 600 range
(82:16 / Allies) joey_bazooks: kill it
(82:25 / Allies) thaBIGman: waiting forr morts
(82:33 / Allies) opendoorpolicy: to come out of it
(82:34 / Allies) joey_bazooks: oh wow
(82:35 / Allies) joey_bazooks: hes making morts
(82:36 / Allies) opendoorpolicy: ?
(82:39 / Allies) joey_bazooks: lmao
(83:06 / Allies) opendoorpolicy: its already dead
(84:53 / Allies) joey_bazooks: they could at least get 3 groups of bats
(84:54 / Allies) joey_bazooks: wtf
(85:55 / Allies) joey_bazooks: lets take all our air
(85:56 / Allies) joey_bazooks: and hit the dk
(85:58 / Allies) joey_bazooks: ready?
(86:03 / Allies) joey_bazooks: go
(86:05 / Allies) opendoorpolicy: he has a tp
(86:11 / Allies) thaBIGman: he keeps wasting tps
(86:21 / Allies) joey_bazooks: b
(86:22 / Allies) thaBIGman: like that
(86:33 / Allies) joey_bazooks: b
(87:39 / Allies) joey_bazooks: got the doc
(87:52 / Allies) opendoorpolicy: you could hide your warden there at night
(87:57 / Allies) opendoorpolicy: andi could silence the paladink
(88:01 / Allies) joey_bazooks: u could root elf tree here and tech it
(88:03 / Allies) opendoorpolicy: and you could try to kill it with strike and aoe
(88:18 / Allies) opendoorpolicy: warden no tp?
(88:25 / Allies) joey_bazooks: he has an altar
(89:02 / Allies) joey_bazooks: want to invis bat the wyvs?
(89:09 / Allies) joey_bazooks: ud have to approach from teh north
(89:12 / Allies) joey_bazooks: they keep flaring and warding
(89:17 / Allies) joey_bazooks: i vot eyes
(89:19 / Allies) joey_bazooks: the sooner those bats die
(89:21 / Allies) joey_bazooks: the sooner we get bm back
(89:28 / Allies) opendoorpolicy: dreams
(89:32 / Allies) opendoorpolicy: i still have 455005 food of other things
(89:42 / Allies) joey_bazooks: iw ant to see invis bat
(90:01 / Allies) opendoorpolicy: are you going to do it or should i
(90:04 / Allies) joey_bazooks: ill do i
(90:06 / Allies) opendoorpolicy: ill do it
(90:08 / Allies) opendoorpolicy: ok fine
(90:55 / Allies) joey_bazooks: avoid wards
(90:57 / Allies) joey_bazooks: hug south wall
(90:58 / Allies) joey_bazooks: go fast
(91:41 / Allies) opendoorpolicy: theres a gyro there
(91:45 / Allies) thaBIGman: 3 orbs on that bm
(91:46 / Allies) joey_bazooks: go from norht
(91:48 / Allies) joey_bazooks: bnot norhwesbet
(91:49 / Allies) opendoorpolicy: do i bat that
(91:52 / Allies) joey_bazooks: no
(91:53 / Allies) joey_bazooks: jsut wyvs
(91:56 / Allies) opendoorpolicy: bat wyrms?
(91:58 / Allies) joey_bazooks: then leftowers on destro
(92:03 / Allies) joey_bazooks: hurry go
(92:06 / Allies) joey_bazooks: its running out soon
(92:22 / Allies) joey_bazooks: w.e
(92:24 / Allies) joey_bazooks: wats ur food now
(92:25 / Allies) opendoorpolicy: wish i knew that would happen
(92:28 / Allies) opendoorpolicy: sixty eight
(92:34 / Allies) joey_bazooks: lol
(92:36 / Allies) joey_bazooks: opnly 7 burorws
(93:21 / Allies) joey_bazooks: he has one of each orb
(93:22 / Allies) joey_bazooks: lol
(93:31 / All) thaBIGman: BM is the worst hero in the game
(93:35 / All) thaBIGman: why did you pick it
(93:42 / Allies) joey_bazooks: run for it
(93:45 / Allies) joey_bazooks: ur gonna get windwalk spammed
(93:51 / Allies) joey_bazooks: hide by fount
(93:58 / Allies) opendoorpolicy: u coulda hid
(94:02 / Allies) opendoorpolicy: u could still
(94:03 / Allies) joey_bazooks: yeah i woudla hit
(94:04 / Allies) joey_bazooks: hid
(94:06 / Allies) opendoorpolicy: one crit
(94:08 / Allies) opendoorpolicy: and youre gone
(94:11 / Allies) joey_bazooks: yiouw ant to get full health by day
(94:13 / Allies) joey_bazooks: not 0 mana
(94:50 / Allies) joey_bazooks: still 5 bats
(95:38 / Allies) thaBIGman: the orc is afk
(95:44 / Allies) joey_bazooks: orc left the game
(95:50 / Allies) thaBIGman: he hasnt spent any gold but he always has new items
(95:53 / Allies) thaBIGman: oh
(95:57 / Allies) thaBIGman: i hadnt noticed
(96:13 / Allies) opendoorpolicy: ya so no matter how bad we screw up we should still be able to th them out
(96:18 / Allies) joey_bazooks: lol
(96:43 / Allies) joey_bazooks: 2 late theyre safe
(96:45 / Allies) joey_bazooks: 2 far
(97:37 / Allies) joey_bazooks: lol
(97:41 / Allies) joey_bazooks: yes
(97:58 / Allies) thaBIGman: game over dude
(98:36 / All) joey_bazooks: maybe you should try another angle
(98:47 / Allies) opendoorpolicy: can you lightning orb purge a pheonix?
(98:50 / Allies) joey_bazooks: ya
(99:37 / Allies) joey_bazooks: the left really does look better
(99:42 / Allies) joey_bazooks: they coudl fit an armada in tha twid eopen space
(100:11 / Allies) opendoorpolicy: can u staff that egg
(100:17 / Allies) joey_bazooks: no
(100:22 / Allies) joey_bazooks: i was gonna deny it but i whad fat fingers
(102:07 / All) joey_bazooks: LOl
(102:09 / Allies) thaBIGman: got em
(102:17 / Allies) opendoorpolicy: got what
(102:20 / Allies) thaBIGman: the bm
(102:38 / Allies) thaBIGman: should i get ult or knives
(102:44 / Allies) opendoorpolicy: ult i guess
(102:48 / Allies) opendoorpolicy: knives is a little stupid
(103:34 / Allies) thaBIGman: LOL
(103:35 / Allies) joey_bazooks: they quit now
(103:43 / Allies) joey_bazooks: who moved the wisps
(103:46 / Allies) thaBIGman: that was accidental i think
(103:55 / Allies) thaBIGman: him losing his units i mean
(105:01 / Allies) thaBIGman: did that coil hit me?
(105:04 / Allies) opendoorpolicy: ya
(105:07 / Allies) joey_bazooks: i think u can dodge nukes
(105:09 / Allies) joey_bazooks: with blink
(105:10 / Allies) joey_bazooks: not sure tho
(105:14 / Allies) joey_bazooks: pretty sure its happened to me
(105:16 / Allies) thaBIGman: i dodged a hammer earlier
(105:25 / Allies) joey_bazooks: LOL
(105:26 / Allies) opendoorpolicy: it has to be like halfway thru the air
(105:31 / Allies) joey_bazooks: he just dusted
(105:32 / Allies) joey_bazooks: to see uphil
(105:50 / Allies) opendoorpolicy: its magic immune and ranged
(105:54 / Allies) opendoorpolicy: i ugess thats good here
(105:54 / Allies) joey_bazooks: theyg ot the bm bnack
(106:00 / Allies) opendoorpolicy: lol
(106:19 / Allies) thaBIGman: rofl
(106:57 / Allies) joey_bazooks: xpo that
(106:58 / Allies) joey_bazooks: lol
(107:25 / Allies) opendoorpolicy: you should focus on the doc
(107:58 / Allies) opendoorpolicy: the paladin could die
(108:25 / Allies) thaBIGman: no way
(108:30 / Allies) joey_bazooks: if i got a orb crit
(108:32 / Allies) joey_bazooks: with my ranged hero
(109:40 / Allies) opendoorpolicy: strike pala?
(109:43 / Allies) joey_bazooks: 47 xp on the old bitch for mass tp
(109:46 / Allies) thaBIGman: its half health
(110:03 / Allies) opendoorpolicy: told u
(110:11 / Allies) opendoorpolicy: now the mk could die
(110:27 / Allies) opendoorpolicy: go round
(110:28 / Allies) opendoorpolicy: fast
(110:30 / Allies) opendoorpolicy: and striek at it
(111:06 / Allies) opendoorpolicy: b
(111:17 / Allies) opendoorpolicy: kill doc
(111:21 / Allies) opendoorpolicy: b
(111:22 / Allies) opendoorpolicy: b
(111:55 / Allies) thaBIGman: mk has potions
(112:43 / Allies) opendoorpolicy: silenced doc
(112:47 / Allies) opendoorpolicy: guffaw
(114:25 / All) joey_bazooks: DOTA DENY
(114:44 / Allies) thaBIGman: did he deny that ghoul?
(115:31 / Allies) joey_bazooks: incomibng bm
(115:51 / Allies) joey_bazooks: pally
(115:55 / Allies) joey_bazooks: nvm
(116:13 / Allies) thaBIGman: the human is poor now
(116:30 / Allies) joey_bazooks: u wont kill him on that health fount
(117:21 / Allies) thaBIGman: red is mining?
(117:28 / Allies) joey_bazooks: neak tree
(117:28 / Allies) opendoorpolicy: right next to us
(117:29 / Allies) joey_bazooks: stneak tree
(117:30 / Allies) joey_bazooks: to there
(118:08 / All) joey_bazooks: orb of fire for a level 1 archmage
(118:09 / Allies) opendoorpolicy: he has all his destros back
(118:09 / All) joey_bazooks: worth it
(118:18 / Allies) joey_bazooks: no hes been 99 food
(118:19 / Allies) joey_bazooks: all along
(118:20 / Allies) joey_bazooks: 100*
(118:34 / Allies) joey_bazooks: check my am's xp bar
(118:35 / Allies) joey_bazooks: lol
(119:06 / Allies) joey_bazooks: oh well
(119:08 / Allies) joey_bazooks: beven better
(119:32 / Allies) joey_bazooks: build 5 new ones
(119:34 / Allies) joey_bazooks: worth it
(119:42 / All) joey_bazooks: uh oh
(119:49 / All) joey_bazooks: better heal it
(119:55 / All) sTIL0So: xupame el pico ctm
(120:04 / All) joey_bazooks: my skin is lily white
(120:07 / All) joey_bazooks: and i onyl speak english
(120:19 / All) sTIL0So: xupamela
(121:23 / Allies) joey_bazooks: they are gonna leave this game with 3000 gold ont he orc
(121:27 / Allies) joey_bazooks: the same 3000 he mined 40 minutes ago
(122:18 / Allies) joey_bazooks: they leave now
(124:45 / Allies) joey_bazooks: care
(124:46 / Allies) joey_bazooks: care
(125:32 / Allies) joey_bazooks: noone got a boots of speed?
(125:38 / Allies) thaBIGman: nope
(126:18 / Allies) thaBIGman: the human bothered to research sentry at some point
(126:33 / Allies) joey_bazooks: is there any way to get hte bm to the mainland
(126:37 / Allies) joey_bazooks: i guess tp it
(126:46 / Allies) joey_bazooks: tommy wats ur food
(126:51 / Allies) opendoorpolicy: 56
(127:12 / Allies) opendoorpolicy: what are you doing
(127:18 / Allies) joey_bazooks: lets blow those
(127:19 / Allies) joey_bazooks: dont need them
(127:25 / Allies) joey_bazooks: then u rebuild on left wing
(127:28 / Allies) joey_bazooks: they arent bothering it at all
(127:33 / Allies) opendoorpolicy: orc is making units
(127:56 / Allies) thaBIGman: has he seen that we have an expo?
(128:01 / Allies) joey_bazooks: he msut have
(128:46 / Allies) thaBIGman: can you blibk from a raider's net?
(128:50 / Allies) joey_bazooks: no
(128:51 / Allies) opendoorpolicy: no
(129:51 / Allies) joey_bazooks: titanares is in anotehr game
(130:26 / Allies) opendoorpolicy: doom
(130:27 / Allies) opendoorpolicy: lol
(130:38 / Allies) joey_bazooks: how has he neot seen that yet
(130:48 / Allies) thaBIGman: he was slavering for a kill there
(130:49 / Allies) opendoorpolicy: walk your tree bck to that last mine
(131:00 / Allies) opendoorpolicy: when its done
(131:08 / Allies) joey_bazooks: want to take all air
(131:10 / Allies) joey_bazooks: and lcick dk
(131:10 / Allies) joey_bazooks: again?
(131:23 / Allies) joey_bazooks: nvm
(131:25 / Allies) joey_bazooks: hes staring at them
(131:38 / All) joey_bazooks: LoL
(131:45 / All) sTIL0So: THE GAME
(131:46 / All) opendoorpolicy: raped
(131:55 / All) joey_bazooks: usa # 1 forever
(132:03 / All) sTIL0So: nooob
(132:11 / All) opendoorpolicy: raped
(132:21 / All) sTIL0So: zzz
(132:25 / All) thaBIGman: you played for hours to die like this?